 Dungeon Crawl Stone Soup version 0.30-a0-54-g2e61a25929 (webtiles) character file.

Game seed: 14699020909338450005

689 Gircel the Vexing (level 7, 0/32 HPs)
             Began as a Spriggan Enchanter on Sept 6, 2022.
             Was an Initiate of Dithmenos.
             Splashed by a jelly's acid (5 damage)
             ... on level 5 of the Dungeon on Sept 7, 2022.
             The game lasted 00:13:31 (6656 turns).

Gircel the Vexing (Spriggan Enchanter)              Turns: 6656, Time: 00:13:32

Health: 0/32       AC: -7    Str:  6    XL:     7   Next: 36%
Magic:  6/18       EV: 17    Int: 16    God:    Dithmenos [......]
Gold:   585        SH:  5    Dex: 16    Spells: 8/19 levels left

rFire   + . .      SeeInvis +    a - +2 dagger
rCold   . . .      Faith    .    (no shield)
rNeg    + . .      Spirit   .    b - +0 robe
rPois   .          Reflect  +    (helmet restricted)
rElec   .          Harm     .    g - +2 cloak
rCorr   .          Rampage  .    (gloves unavailable)
Will    +....                    (boots unavailable)
Stlth   +++.......               k - amulet of reflection
HPRegen 0.10/turn                f - ring of positive energy
MPRegen 0.16/turn                m - ring of protection from fire

@: corroded, very quick
A: very small, no large weapons, unfitting armour, see invisible, speed 3, beak
a: Renounce Religion


You were on level 5 of the Dungeon.
You worshipped Dithmenos.
Dithmenos was noncommittal.
You visited 2 branches of the dungeon, and saw 6 of its levels.
You also visited: Sewer.

You collected 585 gold pieces.

Inventory:

Hand Weapons
 a - a +2 dagger (weapon)
Armour
 b - a +0 robe (worn)
 g - a +2 cloak (worn)
Jewellery
 f - a ring of positive energy (left hand)
 k - an amulet of reflection (around neck)
 m - a ring of protection from fire (right hand)
Wands
 d - a wand of flame (24)
Scrolls
 l - 2 scrolls of teleportation
 o - a scroll of amnesia
Potions
 c - 2 potions of invisibility
 e - 3 potions of curing {unknown}
 h - 2 potions of heal wounds
 i - a potion of haste
 j - 2 potions of brilliance
 n - a potion of might


   Skills:
 - Level 1.1 Short Blades
 - Level 2.6 Dodging
 + Level 6.5 Stealth
 + Level 6.8 Spellcasting
 + Level 7.3 Hexes


You had 8 spell levels left.
You knew the following spells:

 Your Spells              Type           Power      Damage    Failure   Level
a - Ensorcelled Hibernat  Hex/Ice        34%        N/A       4%          2
b - Tukima's Dance        Hex            28%        N/A       1%          3
c - Dazzling Flash        Conj/Hex       34%        N/A       9%          3
d - Confusing Touch       Hex            28%        N/A       1%          3

Your spell library contained the following spells:

 Spells                   Type           Power      Damage    Failure   Level
 Silence                  Hex/Air        8%         N/A       61%         5
 Agony                    Necr           5%         N/A       98%         5
 Chain Lightning          Conj/Air       2%         3d3       100%        9
 Fire Storm               Conj/Fire      2%         8d1       100%        9
 Shatter                  Erth           2%         3d6*      100%        9


Dungeon Overview and Level Annotations

Branches:
Dungeon (5/15)             Temple (1/1) D:5           Sewer (visited)

Altars:
Ashenzari
Cheibriados
Dithmenos
Elyvilon
Fedhas
Hepliaklqana
Makhleb
Nemelex Xobeh
Okawaru
Qazlal
Trog
Uskayaw
Yredelemnul
The Shining One

Shops:
D:5 :


Innate Abilities, Weirdness & Mutations

You are very small and have problems with some larger weapons.
You are too small for most types of armour.
You have supernaturally acute eyesight. (SInv)
You cover ground extremely quickly. (Speed+++)
You have a beak for a mouth.


Message History

Press: ? - help, Shift-Dir - straight line, f/p - jelly
Aim: a jelly (chance to affect: 59%)
The jelly resists with significant effort.
The jelly hits you. The acid corrodes you!
You are splashed with acid!
Casting: Ensorcelled Hibernation (safe; 4% risk of failure)
Confirm with . or Enter, or press ? or * to list all spells.
Aiming: Ensorcelled Hibernation (safe; 4% risk of failure)
Press: ? - help, Shift-Dir - straight line, f/p - jelly
Aim: a jelly (ally target, chance to affect: 59%)
The jelly looks drowsy...
Your +0 short sword hits the jelly!
Your +0 short sword is burned by acid!
You hit the jelly. The acid corrodes you!
Your hands burn!
The jelly is severely wounded.
Your +0 short sword falls from the air.
The jelly jiggles.
The jelly closely misses you.
You hit the jelly but do no damage.
Your hands burn!
The jelly is severely wounded.
The jelly closely misses you.
Casting: Ensorcelled Hibernation (safe; 4% risk of failure)
Confirm with . or Enter, or press ? or * to list all spells.
Aiming: Ensorcelled Hibernation (safe; 4% risk of failure)
Press: ? - help, Shift-Dir - straight line, f - you, p - jelly That would be overly suicidal.
Okay, then.
Casting: Ensorcelled Hibernation (safe; 4% risk of failure)
Confirm with . or Enter, or press ? or * to list all spells.
Your hands begin to glow red.
You hit the jelly but do no damage. The acid corrodes you!
Your hands burn!
Your peck misses the jelly.
The jelly is severely wounded.
The jelly hits you. The acid corrodes you!
You are splashed with acid!
* * * LOW HITPOINT WARNING * * *
You hit the jelly but do no damage.
The jelly appears confused.
Your hands burn!
* * * LOW HITPOINT WARNING * * *
You peck the jelly, but do no damage.
The jelly is severely wounded.
You hit the jelly but do no damage.
Your hands burn!
You die...

..##......'.8.'._#
.......##.#...#.## .#
##.#.#..####'#########.##
...#.##..##...###........
#.)......###_###.....#.#
#)#...##.# ####......!.#
..#)(###.# #..).†....#
#....# #.# #.........##
..##.# #.# #.J@.......#
#....# #.# ##.......#.#
#.##.###.# ##...<.##
.......#.# ##...##
#.##.#...#########.##
.....###...........#
.#####
##########......... .
#.###.#.#. . #.# ..


You could see a jelly (confused).

Vanquished Creatures
  A steam dragon (D:4)
  A gnoll sergeant (D:5)
  A jelly (D:4)
  A hound (D:4)
  2 iguanas (D:4)
  A hell rat (Sewer)
  An orc wizard (D:3)
  5 gnolls (D:5)
  10 adders
  4 river rats
  An ufetubus (D:3)
  2 worms
  4 dart slugs
  14 orcs
  6 bats
  8 endoplasms
  4 giant cockroaches
  A goblin (D:2)
  10 hobgoblins
  12 jackals
  8 kobolds
  4 quokkas
  7 ball pythons
  5 frilled lizards
  11 rats
124 creatures vanquished.

Vanquished Creatures (collateral kills)
  A gnoll (D:5)
  6 orcs
  A hobgoblin (D:4)
8 creatures vanquished.

Vanquished Creatures (others)
  5 dancing weapons
5 creatures vanquished.

Grand Total: 137 creatures vanquished

Notes
Turn   | Place    | Note
-------+----------+-------------------------------------------
     0 | D:1      | Gircel the Spriggan Enchanter began the quest for the Orb.
     0 | D:1      | Reached XP level 1. HP: 9/9 MP: 5/5
    91 | D:1      | Reached skill level 4 in Hexes
    91 | D:1      | Reached XP level 2. HP: 13/13 MP: 7/7
   103 | D:1      | Learned a level 2 spell: Ensorcelled Hibernation
  1112 | D:1      | Reached XP level 3. HP: 7/16 MP: 1/9
  1116 | D:1      | Learned a level 3 spell: Tukima's Dance
  1120 | D:1      | Learned a level 3 spell: Confusing Touch
  2318 | D:2      | Reached XP level 4. HP: 10/21 MP: 8/11
  2560 | D:2      | Reached skill level 5 in Hexes
  2616 | D:2      | Identified a scroll of acquirement
  2616 | D:2      | Acquired 367 gold pieces
  2836 | D:2      | Found a faded altar of an unknown god.
  3637 | D:3      | Found a glowing drain.
  3660 | D:3      | Reached skill level 5 in Spellcasting
  3660 | D:3      | Reached XP level 5. HP: 22/24 MP: 9/13
  3672 | Sewer    | Entered a sewer
  4125 | D:3      | Reached skill level 6 in Hexes
  4984 | D:4      | Gained mutation: You occasionally lose the ability to read
                  | scrolls when taking damage. [potion of mutation]
  4985 | D:4      | Lost mutation: You occasionally lose the ability to read
                  | scrolls when taking damage. [potion of mutation]
  4985 | D:4      | Gained mutation: You have a beak for a mouth. [potion of
                  | mutation]
  5023 | D:4      | Reached XP level 6. HP: 15/28 MP: 15/15
  5030 | D:4      | Upgraded the game from 0.30-a0-51-g784eafce7f to
                  | 0.30-a0-54-g2e61a25929
  5213 | D:3      | Learned a level 3 spell: Dazzling Flash
  5271 | D:4      | Noticed a steam dragon
  5419 | D:4      | Killed a steam dragon
  5420 | D:4      | Reached skill level 5 in Stealth
  5601 | D:4      | Reached XP level 7. HP: 28/32 MP: 11/17
  5706 | D:4      | Reached skill level 7 in Hexes
  5957 | D:5      | Entered Level 5 of the Dungeon
  5990 | D:5      | Found Himiw's Book Shop.
  6459 | D:5      | Found a staircase to the Ecumenical Temple.
  6468 | Temple   | Entered the Ecumenical Temple
  6492 | Temple   | Became a worshipper of Dithmenos the Shadowed
  6532 | D:5      | Found a sparkling altar of Nemelex Xobeh.
  6534 | D:5      | Found a basalt altar of Yredelemnul.
  6540 | D:5      | Found a glowing golden altar of the Shining One.
  6656 | D:5      | Splashed by a jelly's acid

Illustrated notes

Levels and vault maps discovered:
D:1:      grunt_arrival_crossed_arrows, layout_loops_ring, minmay_box_of_dots
D:2:      layout_rooms, chequers_ecumenical_altar_grove, minmay_pentomino_z2
D:3:      layout_basic, portal_sewer_entry_b
D:4:      layout_rooms, minmay_misc_feat_four_crosses, st_stairs_14,
          minmay_strange_pillars
D:5:      layout_loops_ring, grunt_temple_overflow_diamond,
          minmay_temple_entry_ruins, nicolae_stop_n_shop_1,
          minmay_misc_feat_diagonals
Temple:   eino_wide_crystal_templ

Skill      XL: |  1  2  3  4  5  6  7 |
---------------+----------------------+-----
Spellcasting   | 3 4 5 6 |  6.8
Hexes          | 4 5 6 7 |  7.3
Stealth        | 5 6 |  6.5
Short Blades   | |  1.1
Dodging        | |  2.6

Action                   |  1- 3 |  4- 6 |  7- 9 || total
-------------------------+-------+-------+-------++-------
Melee: Dagger            |   163 |   219 |    51 ||   433
       Punch             |     1 |     2 |     2 ||     5
       Peck              |       |     6 |    12 ||    18
 Cast: Ensorcelled Hiber |    14 |    41 |    19 ||    74
       Tukima's Dance    |       |     5 |     4 ||     9
       Confusing Touch   |       |     1 |     2 ||     3
  Use: Scroll            |     1 |    12 |     2 ||    15
       Potion            |     1 |     5 |       ||     6
 Stab: Sleeping          |    13 |    28 |    10 ||    51
       Confused          |       |     1 |     1 ||     2
       Distracted        |       |       |     1 ||     1
Armor: Robe              |    14 |    32 |     3 ||    49
       Skin              |    25 |     6 |       ||    31
Dodge: Dodged            |   118 |   156 |    31 ||   305
Block: Other             |       |    32 |    10 ||    42
       Reflection        |       |     1 |       ||     1

Table legend: (Time is in decaauts)
 A = Elapsed time spent in this place.
 B = Non-inter-level travel time spent in this place.
 C = Inter-level travel time spent in this place.
 D = Time resting spent in this place.
 E = Time spent auto-exploring this place.
 F = Levels seen in this place.
 G = Mean time per level.
                   A        B        C        D        E       F      G
               +--------+--------+--------+--------+--------+-----+--------+
         Total |   5543 |   5425 |    118 |   1084 |   3135 |   7 |  791.9 |
       Dungeon |   5119 |   5011 |    108 |    880 |   2992 |   5 | 1023.8 |
        Temple |     25 |     15 |     10 |      0 |      7 |   1 |   25.0 |
         Sewer |    398 |    398 |      0 |    203 |    135 |   1 |  398.0 |
               +--------+--------+--------+--------+--------+-----+--------+

Top non-repeatable levels by time:
     D:1: 1877 daAuts
     D:3: 1431 daAuts
     D:2: 640 daAuts
     D:4: 620 daAuts
     D:5: 549 daAuts
   Sewer: 398 daAuts
  Temple: 25 daAuts
